 Dungeon Crawl Stone Soup version 0.23.2-1-ga50397a (webtiles) character file.

Game seed: 7339210730556202620

61 Kahsius the Ruffian (level 3, 0/28 HPs)
             Began as a Draconian Transmuter on May 3, 2019.
             Slain by a jackal (1 damage)
             ... on level 2 of the Dungeon.
             The game lasted 00:04:21 (1451 turns).

Kahsius the Ruffian (Draconian Transmuter)          Turns: 1451, Time: 00:04:22

Health: 0/28       AC:  5    Str: 12    XL:     3   Next: 83%
Magic:  6/6        EV: 12    Int: 14    God:
Gold:   86         SH:  0    Dex: 11    Spells: 3/6 levels left

rFire    . . .     SeeInvis .     - Unarmed
rCold    . . .     Gourm    .   (no shield)
rNeg     . . .     Faith    .   (armour unavailable)
rPois    .         Spirit   .   (helmet restricted)
rElec    .         Reflect  .   (no cloak)
rCorr    .         Harm     .   (no gloves)
MR       .....                  (no boots)
Stlth    +.........             (no amulet)
HPRegen  0.09/turn              (no ring)
MPRegen  0.10/turn              (no ring)

@: lethally poisoned (0 -> -4)
A: unfitting armour, cold-blooded, AC +5
a: no special abilities


You were on level 2 of the Dungeon.
You were not hungry.

You visited 1 branch of the dungeon, and saw 2 of its levels.

You collected 86 gold pieces.

Inventory:

Missiles
 a - 7 arrows
Jewellery
 e - an uncursed amulet of regeneration {unknown}
 g - an uncursed ring of see invisible {unknown}
Scrolls
 f - a scroll of amnesia {unknown}
 i - a scroll of fear {unknown}
 k - a scroll of immolation {unknown}
Potions
 b - 3 potions of curing {unknown}
 d - a potion of heal wounds {unknown}
 h - a potion of flight {unknown}
Comestibles
 c - 4 rations
 j - a chunk of flesh


   Skills:
 - Level 1.1 Fighting
 - Level 1.7 Dodging
 + Level 4.0 Unarmed Combat
 - Level 2.0 Spellcasting
 + Level 3.2 Transmutations


You had 3 spell levels left.
You knew the following spells:

 Your Spells              Type           Power        Failure   Level  Hunger
a - Beastly Appendage     Tmut           ##....       6%          1    ##.....
b - Sticks to Snakes      Tmut           ##......     10%         2    ###....

Your spell library contained the following spells:

 Spells                   Type           Power        Failure   Level  Hunger
 Spider Form              Tmut/Pois      #.........   36%         3    ####...
 Ice Form                 Ice/Tmut       #.......     77%         4    #####..
 Blade Hands              Tmut           ##........   86%         5    ######.


Dungeon Overview and Level Annotations

Branches:
Dungeon (2/15)

Altars:


Innate Abilities, Weirdness & Mutations

Your plain brown scales are hard. (AC +5)
You cannot fit into any form of body armour.
You are cold-blooded and may be slowed by cold attacks.


Message History

You closely miss the jackal. The jackal barely misses you.
The jackal misses you. The adder bites you.
* * * LOW HITPOINT WARNING * * *
The jackal barely misses you. The jackal bites you.
* * * LOW HITPOINT WARNING * * *
You hit the jackal but do no damage.
Your tail-slap misses the jackal.
* * * LOW HITPOINT WARNING * * *
You feel sick. The jackal barely misses you. The adder barely misses you.
The jackal bites you but does no damage.
The jackal closely misses you.
The jackal bites you but does no damage.
You hit the jackal.
You kill the jackal!
The jackal bites you but does no damage.
The adder bites you.
* * * LOW HITPOINT WARNING * * *
The jackal bites you.
* * * LOW HITPOINT WARNING * * *
The adder bites you but does no damage. The jackal bites you.
You die...

#.........###....
#...............#
##.......÷.#..#
#............#######
#......÷........#...
#...<...........#...
#...............#...
#...S............)..
##.@h..(........#...
##.h...#...........
###...............
#...............
#...............
##########......
###.... #..## ##.


You could see an adder and 2 jackals.

Vanquished Creatures
  2 adders
  2 oozes (D:1)
  2 dart slugs (D:1)
  A leopard gecko (D:2)
  6 bats
  5 goblins
  2 hobgoblins (D:1)
  A jackal (D:2)
  A quokka (D:2)
  A ball python (D:1)
  5 frilled lizards (D:1)
  4 kobolds
  3 rats
35 creatures vanquished.

Notes
Turn   | Place    | Note
-------+----------+-------------------------------------------
     0 | D:1      | Kahsius the Draconian Transmuter began the quest for the
                  | Orb.
     0 | D:1      | Reached XP level 1. HP: 16/16 MP: 3/3
   119 | D:1      | Reached XP level 2. HP: 21/23 MP: 3/5
   220 | D:1      | Learned a level 2 spell: Sticks to Snakes
   586 | D:1      | Reached XP level 3. HP: 26/28 MP: 4/6
  1403 | D:2      | Reached skill level 4 in Unarmed Combat
  1451 | D:2      | HP: 1/28 [jackal (1)]
  1451 | D:2      | Slain by a jackal

Skill      XL: |  1  2  3 |
---------------+----------+-----
Transmutations | 3 |  3.2
Unarmed Combat | 4 |  4.0
Fighting       | |  1.1
Dodging        | |  1.7
Spellcasting   | |  2.0

Action                   || total
-------------------------++-------
Melee: Unarmed           ||   129
       Tailslap          ||     8
       Headbutt          ||     3
       Kick              ||     2
 Cast: Beastly Appendage ||    11
       Sticks to Snakes  ||     5
  Eat: Chunk             ||     2
Armor: Skin              ||    51
Dodge: Dodged            ||   102
